AoeStats
← Toblerone Order

Hill Fort

506681420Analyzed
4v4 RM · 19d ago on Sep 14, 2026· 55m 54s· 8 players
Game mode
Random Map
Map size
Large (8 player)
Population
200
Speed
Normal
Resources
Standard
Victory
Conquest
Starting age
Dark Age
Ending age
Imperial Age
RankedLock teamsTeams togetherTeam positionsShared explorationLock speedFull tech treeHidden civsTurbo modeCheats
Victory
Defeat
🇩🇪 Berbers · Germany
1543
+14
🇨🇳 Mongols · China
1474
+17
🇻🇳 Burmese · Vietnam
1472
+17
🇧🇷 Persians · Brazil
1443
+18
🇮🇹 Dravidians · Italy
1518
-17
🇹🇷 Byzantines · Türkiye
1514
-17
🇵🇱 Spanish · Poland
1492
-16
🇳🇱 Hindustanis · Netherlands
1477
-16
Gasior
10:38 Feudal Age
14:14 Castle Age
12:25 Double-Bit Axe
12:49 Horse Collar
13:21 Loom
14:58 Wheelbarrow
20:24 Heavy Plow
20:38 Bow Saw
20:44 Heavy Plow
23:19 Stone Mining
23:27 Gold Mining
27:42 Husbandry
27:53 Bloodlines
28:48 Hand Cart
31:38 Imperial Age
29:09 Elite Skirmisher
30:01 Scale Barding Armor
30:06 Forging
29:59 Fletching
30:09 Padded Archer Armor
30:32 Ballistics
31:10 Masonry
31:03 Inquisition
31:16 Forging
31:08 Town Watch
31:54 Town Patrol
32:33 Chain Barding Armor
32:48 Iron Casting
32:09 Bodkin Arrow
32:23 Thumb Ring
33:28 Chemistry
33:20 Conscription
34:29 Bombard Tower
34:40 Architecture
34:28 Cavalier
35:46 Iron Casting
35:40 Bracer
37:44 Blast Furnace
37:53 Plate Barding Armor
38:12 Supremacy
37:18 Light Cavalry
39:09 Murder Holes
39:08 Pikeman
39:55 Padded Archer Armor
41:58 Leather Archer Armor
41:12 Halberdier
41:52 Squires
45:21 Scale Mail Armor
47:19 Ring Archer Armor
48:09 Chain Mail Armor
49:05 Hussar
51:28 Guilds
53:00 Plate Mail Armor
53:37 Paladin
Toblerone Order
10:33 Feudal Age
11:26 Double-Bit Axe
14:13 Castle Age
12:29 Loom
13:37 Horse Collar
15:43 Scale Barding Armor
20:55 Heavy Plow
24:17 Wheelbarrow
24:41 Chain Barding Armor
24:20 Gold Mining
24:57 Husbandry
25:30 Forging
26:42 Hand Cart
30:50 Imperial Age
28:32 Padded Archer Armor
28:22 Fletching
28:31 Stone Mining
29:21 Gold Shaft Mining
29:34 Iron Casting
29:25 Ballistics
29:52 Bodkin Arrow
30:12 Leather Archer Armor
29:44 Elite Skirmisher
30:30 Thumb Ring
31:13 Stone Shaft Mining
31:05 Bow Saw
31:36 Bracer
32:06 Ring Archer Armor
32:52 Chemistry
34:10 Plate Barding Armor
34:41 Treadmill Crane
35:13 Fortified Wall
34:31 Capped Ram
36:02 Siege Ram
38:29 Coinage
43:18 Banking
47:44 Pikeman
48:25 Squires
48:26 Scale Mail Armor
49:01 Iron Casting
48:51 Conscription
49:42 Chain Mail Armor
49:12 Halberdier
56:32 Crop Rotation
Nogard
7:10 Loom
10:10 Feudal Age
11:10 Double-Bit Axe
14:15 Castle Age
13:55 Horse Collar
15:59 Bow Saw
19:39 Wheelbarrow
19:22 Heavy Plow
20:16 Gold Mining
22:37 Hand Cart
22:20 Stone Mining
24:14 Fletching
24:24 Padded Archer Armor
24:59 Thumb Ring
24:51 Bodkin Arrow
25:57 Leather Archer Armor
26:30 Husbandry
28:56 Ballistics
34:39 Imperial Age
32:30 Medical Corps
34:51 Elite Elephant Archer
35:50 Bracer
36:31 Ring Archer Armor
37:26 Chemistry
38:05 Murder Holes
38:21 Masonry
38:45 Town Watch
39:22 Wootz Steel
39:22 Conscription
41:03 Elite Skirmisher
42:22 Forging
42:13 Scale Mail Armor
42:29 Squires
41:49 Pikeman
42:15 Arson
43:39 Iron Casting
44:00 Hoardings
43:03 Halberdier
44:06 Chain Mail Armor
46:04 Blast Furnace
46:31 Plate Mail Armor
49:52 Siege Elephant
Javier STATISTICS
Matzeking
11:09 Feudal Age
12:10 Loom
15:12 Castle Age
13:05 Double-Bit Axe
13:31 Horse Collar
16:15 Bow Saw
18:36 Fletching
21:48 Bodkin Arrow
23:42 Wheelbarrow
26:11 Ballistics
26:36 Husbandry
26:46 Bloodlines
27:41 Padded Archer Armor
32:03 Imperial Age
29:38 Town Watch
30:39 Leather Archer Armor
32:05 Hand Cart
32:44 Kasbah
32:57 Bracer
33:59 Chemistry
32:55 Elite Camel Archer
34:35 Conscription
34:27 Gold Mining
34:27 Stone Mining
35:35 Ring Archer Armor
36:33 Scale Barding Armor
36:39 Forging
38:30 Chain Barding Armor
38:17 Maghrebi Camels
40:13 Plate Barding Armor
40:13 Iron Casting
39:01 Light Cavalry
41:30 Thumb Ring
43:13 Blast Furnace
42:51 Hoardings
42:38 Hussar
46:42 Heavy Plow
46:59 Masonry
46:55 Siege Engineers
46:35 Arrowslits
52:43 Caravan
牛比无极限
5:25 Loom
11:42 Feudal Age
16:29 Castle Age
15:11 Double-Bit Axe
15:42 Horse Collar
17:44 Wheelbarrow
18:43 Bow Saw
26:30 Ballistics
27:23 Hand Cart
28:04 Fletching
28:30 Bloodlines
34:11 Imperial Age
32:57 Bodkin Arrow
33:02 Padded Archer Armor
34:58 Bracer
35:14 Leather Archer Armor
35:54 Onager
36:55 Siege Engineers
38:03 Conscription
38:21 Drill
38:37 Elite Mangudai
41:16 Capped Ram
41:33 Siege Onager
42:32 Siege Ram
44:27 Light Cavalry
45:07 Husbandry
45:08 Hussar
48:14 Scale Barding Armor
48:20 Forging
50:45 Iron Casting
50:30 Chain Barding Armor
57:05 Blast Furnace
SS_Caborja
10:26 Feudal Age
10:46 Loom
14:26 Castle Age
13:50 Double-Bit Axe
13:46 Horse Collar
15:06 Bow Saw
16:26 Wheelbarrow
18:29 Heavy Plow
23:24 Fletching
29:07 Imperial Age
28:30 Scale Barding Armor
28:46 Bloodlines
28:37 Husbandry
29:40 Chain Barding Armor
29:32 Forging
28:49 Cavalier
30:02 Gold Mining
31:17 Plate Barding Armor
32:45 Iron Casting
33:43 Savar
37:28 Blast Furnace
37:09 Crop Rotation
38:39 Light Cavalry
40:01 Hussar
45:57 Capped Ram
47:41 Siege Ram
thanh7531
Connection lost

Rejoining the realm…

Still unreachable

The connection could not be restored.

Session expired

The server has moved on; the page needs a fresh start.